 Dungeon Crawl Stone Soup version 0.19.4 (webtiles) character file.

336 vatarom the Insei (level 6, 0/38 HPs)
             Began as an Octopode Transmuter on Feb 3, 2017.
             Slain by a hippogriff (8 damage)
             ... on level 4 of the Dungeon.
             The game lasted 00:08:41 (3402 turns).

vatarom the Insei (Octopode Transmuter)             Turns: 3402, Time: 00:08:42

Health: 0/38       AC:  2    Str:  8 (9)  XL:     6   Next: 54%
Magic:  5/11       EV: 19    Int: 13 (16) God:
Gold:   138        SH:  0    Dex: 16 (19) Spells: 4 memorised, 1 level left

rFire  . . .     SeeInvis .       - Unarmed
rCold  . . .     Gourm    .     (shield currently unavailable)
rNeg   . . .     Faith    .     (helmet currently unavailable)
rPois  x         Spirit   .     (no amulet)
rElec  .         Reflect  .     (no ring)
rCorr  .         Harm     .     (no ring)
MR     .....                    (no ring)
Stlth  +.........               (no ring)
                                (no ring)
                                (no ring)
                                (no ring)
                                (no ring)

@: spider-form, very slightly contaminated
A: almost no armour, stealthy swim, (amphibious), 8 rings, (constrict 8),
(camouflage 0), (gelatinous body 0)
a: End Transformation


You were on level 4 of the Dungeon.
You were not hungry.
You were a venomous arachnid creature.
You visited 1 branch of the dungeon, and saw 4 of its levels.

You collected 138 gold pieces.

Inventory:

Hand Weapons
 i - a +0 club
Missiles
 a - 85 arrows
Wands
 k - a wand of iceblast (5/15)
Scrolls
 d - a scroll of recharging {unknown}
 f - a scroll of magic mapping
 j - a scroll of identify
 l - a scroll of amnesia
Potions
 e - a potion of haste
 g - a potion of heal wounds
 h - a potion of curing
Books
 b - a book of Changes

   Spells                             Type                      Level
   a - Beastly Appendage              Transmutation                1
   b - Sticks to Snakes               Transmutation                2
   c - Spider Form                    Transmutation/Poison         3
   d - Ice Form                       Ice/Transmutation            4
   e - Blade Hands                    Transmutation                5
Comestibles
 c - 2 bread rations
 m - 2 fruits


   Skills:
 - Level 1.0 Fighting
 - Level 2.0 Dodging
 * Level 5.3 Unarmed Combat
 + Level 3.4 Spellcasting
 + Level 3.8 Transmutations


You had one spell level left.
You knew the following spells:

 Your Spells              Type           Power        Failure   Level  Hunger
a - Beastly Appendage     Tmut           ##....       17%         1    #......
b - Sticks to Snakes      Tmut           ##......     24%         2    ##.....
c - Spider Form           Tmut/Pois      #.........   56%         3    ###....
d - Ice Form              Ice/Tmut       #.......     98%         4    #####..


Dungeon Overview and Level Annotations

Branches:
Dungeon (4/15)
 Temple: D:4-7

Altars:
Yredelemnul


Innate Abilities, Weirdness & Mutations

You cannot wear most types of armour.
You are very stealthy in the water. (Stealth+)
((You are amphibious.))
You can wear up to eight rings at the same time.
((You can use your tentacles to constrict eight enemies at once.))
((Your skin changes colour to match your surroundings (Stealth+).))
((Your rubbery body absorbs attacks. (AC +1, EV +1)))


Message History

You feel a strange surge of energy!
Casting: Spider Form
Confirm with . or Enter, or press ? or * to list all spells.
You turn into a venomous arachnid creature.
The hippogriff bites you. The hippogriff pecks you.
The hippogriff barely misses you.
You hit the hippogriff.
The hippogriff is lightly wounded.
The hippogriff bites you! The hippogriff misses you.
The hippogriff closely misses you.
You bite the hippogriff!
The hippogriff is poisoned.
The hippogriff is moderately wounded.
The hippogriff bites you! The hippogriff barely misses you.
The hippogriff claws you.
* * * LOW HITPOINT WARNING * * *
You bite the hippogriff!
The hippogriff looks as sick as possible!
The hippogriff is heavily wounded.
The hippogriff closely misses you. The hippogriff pecks you!
You die...

##.. ...# #..#
#..# #..#
$.####..#
......†.### ##.
#....#####.....
##......sH...#
#.......####.#
...?......####.##
###.......<.....#
........#####..#
#####...## ##.##
#. #.


You could see a hippogriff.

Vanquished Creatures
  A bullfrog zombie (D:3)
  Crazy Yiuf (D:3)
  Terence (D:2)
  4 adders
  An ooze (D:2)
  2 adder zombies (D:2)
  3 worms
  2 dart slugs
  A leopard gecko (D:3)
  2 orcs (D:3)
  7 bats
  A bat skeleton (D:2)
  2 bat zombies (D:2)
  5 giant cockroaches
  14 goblins
  7 hobgoblins
  2 jackals (D:1)
  4 kobolds
  3 quokkas
  4 ball pythons
  4 frilled lizards
  A leopard gecko skeleton (D:2)
  A quokka skeleton (D:2)
  2 quokka zombies (D:2)
  6 rats
  A fungus (D:3)
82 creatures vanquished.

Vanquished Creatures (collateral kills)
  Sigmund (D:2)
  Robin (D:2)
2 creatures vanquished.

Grand Total: 84 creatures vanquished

Notes
Turn   | Place    | Note
-------+----------+-------------------------------------------
     0 | D:1      | vatarom the Octopode Transmuter began the quest for the Orb.
     0 | D:1      | Reached XP level 1. HP: 13/13 MP: 3/3
   207 | D:1      | Reached XP level 2. HP: 14/18 MP: 5/5
   715 | D:1      | Learned a level 2 spell: Sticks to Snakes
   800 | D:2      | Reached XP level 3. HP: 20/23 MP: 4/6
   803 | D:2      | Noticed Robin
   859 | D:2      | Killed Robin
   900 | D:2      | Reached XP level 4. HP: 18/28 MP: 4/7
  1024 | D:2      | Noticed Sigmund
  1062 | D:2      | Killed Sigmund
  1062 | D:2      | Reached skill level 4 in Unarmed Combat
  1062 | D:2      | Reached XP level 5. HP: 28/33 MP: 2/9
  1354 | D:2      | Learned a level 3 spell: Spider Form
  1409 | D:2      | Noticed Terence
  1418 | D:2      | Killed Terence
  1472 | D:2      | Reached XP level 6. HP: 36/38 MP: 8/10
  1664 | D:2      | Reached skill level 5 in Unarmed Combat
  1703 | D:2      | Learned a level 4 spell: Ice Form
  1885 | D:3      | Found a basalt altar of Yredelemnul.
  2284 | D:3      | Found a faded altar of an unknown god.
  3189 | D:3      | Found a runed door.
  3196 | D:3      | Noticed Crazy Yiuf
  3202 | D:3      | Killed Crazy Yiuf
  3393 | D:4      | Noticed a hippogriff
  3402 | D:4      | Slain by a hippogriff

Skill      XL: |  1  2  3  4  5  6 |
---------------+-------------------+-----
Unarmed Combat | 4 5 |  5.3
Spellcasting   | 3 |  3.4
Transmutations | 3 |  3.8
Fighting       | |  1.0
Dodging        | |  2.0

Action                   |  1- 3 |  4- 6 || total
-------------------------+-------+-------++-------
Melee: Unarmed           |    74 |   138 ||   212
       Constrict         |    18 |    31 ||    49
       Tentacles         |    14 |    20 ||    34
       Kick              |     5 |     3 ||     8
       Punch             |     2 |     6 ||     8
 Cast: Beastly Appendage |    10 |     3 ||    13
       Sticks to Snakes  |     2 |     5 ||     7
       Spider Form       |       |     3 ||     3
 Abil: End Transformatio |       |     1 ||     1
  Use: Scroll            |     2 |     2 ||     4
       Potion            |     2 |     4 ||     6
 Stab: Sleeping          |     5 |     8 ||    13
       Distracted        |       |     1 ||     1
  Eat: Chunk             |       |     3 ||     3
       Fruit             |       |     2 ||     2
       Meat ration       |       |     1 ||     1
Armor: Skin              |     8 |    11 ||    19
Dodge: Dodged            |    39 |    80 ||   119
